 Dungeon Crawl Stone Soup version 0.21.1 (webtiles) character file.

78 KeeTraxx the Skirmisher (level 4, 0/41 HPs)
             Began as a Hill Orc Monk on Feb 2, 2018.
             Killed by nerve-wracking pain
             ... invoked by Grinder
              (13 damage)
             ... on level 3 of the Dungeon.
             The game lasted 00:04:35 (2756 turns).

KeeTraxx the Skirmisher (Hill Orc Monk)             Turns: 2756, Time: 00:04:35

Health: 0/41       AC:  5    Str: 18    XL:     4   Next: 36%
Magic:  4/4        EV: 12    Int: 11    God:
Gold:   162        SH:  0    Dex: 13    Spells: 3/3 levels left

rFire    . . .     SeeInvis .   a - +0 spear
rCold    . . .     Gourm    .   (no shield)
rNeg     . . .     Faith    .   g - +0 ring mail
rPois    .         Spirit   .   (no helmet)
rElec    .         Reflect  .   (no cloak)
rCorr    .         Harm     .   (no gloves)
MR       .....                  (no boots)
Stlth    +.........             (no amulet)
HPRegen  0.13/turn              (no ring)
MPRegen  0.09/turn              (no ring)

@: mighty, drained
A: no striking features
a: no special abilities


You were on level 3 of the Dungeon.
You were very hungry.

You visited 1 branch of the dungeon, and saw 3 of its levels.

You collected 162 gold pieces.

Inventory:

Hand Weapons
 a - a +0 spear (weapon)
 d - a +0 short sword of venom
 h - a +0 hunting sling
 s - a +2 dagger of draining
Armour
 b - a +0 robe
 g - a +0 ring mail (worn)
 t - a +0 chain mail
Scrolls
 e - 3 scrolls of identify
 f - a scroll of fog
 i - 3 scrolls of teleportation
 o - a scroll of remove curse
Potions
 l - 2 potions of resistance
 m - a potion of flight {unknown}
 n - a potion of heal wounds {unknown}
 p - 2 potions of invisibility {unknown}
 r - 2 potions of agility
Comestibles
 c - 9 rations


   Skills:
 + Level 4.4(4.3) Fighting
 + Level 4.0(3.8) Polearms
 + Level 1.3(1.1) Armour
 + Level 3.0(2.9) Dodging
 - Level 1.5(1.4) Stealth


You had 3 spell levels left.
You didn't know any spells.

Dungeon Overview and Level Annotations

Branches:
Dungeon (3/15)

Altars:
Fedhas
Ru
Xom

Annotations:
D:2 1 runed door
D:3 Grinder


Message History

You are too injured to fight recklessly!
You are too injured to fight recklessly!
Wield which item (- for none, * to show all)? (? for menu, Esc to quit)
Your +0 short sword of venom stops dripping with poison.
a - a +0 spear (weapon)
Grinder barely misses you.
You closely miss Grinder.
Grinder is heavily wounded.
You puncture Grinder!
Grinder is severely wounded.
Grinder hits you.
* * * LOW HITPOINT WARNING * * *
You puncture Grinder!
Grinder is almost dead.
Grinder blinks!
Grinder gestures at you. You resist with significant effort.
Grinder gestures at you. Pain shoots through your body!
You die...

#.......# ###......##
#.........#### #............##
#.<......##...###### ###########
#........####......# ..[.......#
#.......#####.......
........#.####...>.......5....##.
...)....._......@....5........##
...†....#.####....####.........##
..........# #....# #<..........
.##.####### ###.#####........###
.##.####### #....##........###
)##.......# #....############.
)###......# #..>.## ######.
.#≈##.....######.....# .......
.≈.≈##....##.........# .#####.


You could see Grinder.

Vanquished Creatures
  An adder (D:2)
  3 dart slugs
  2 leopard geckos (D:1)
  5 orcs (D:3)
  2 giant cockroaches
  5 goblins
  7 hobgoblins
  5 jackals (D:1)
  6 bats
  3 frilled lizards
  6 kobolds
  9 rats
54 creatures vanquished.

Notes
Turn   | Place    | Note
-------+----------+-------------------------------------------
     0 | D:1      | KeeTraxx the Hill Orc Monk began the quest for the Orb.
     0 | D:1      | Reached XP level 1. HP: 19/19 MP: 1/1
    37 | D:1      | Reached XP level 2. HP: 8/27 MP: 2/2
   765 | D:1      | Reached XP level 3. HP: 26/33 MP: 3/3
  1488 | D:2      | Found a runed door.
  1779 | D:3      | Found a sacrificial altar of Ru.
  1821 | D:3      | Found a shimmering altar of Xom.
  1821 | D:3      | Found a shimmering altar of Xom.
  1824 | D:3      | Found a shimmering altar of Xom.
  1824 | D:3      | Found a shimmering altar of Xom.
  1833 | D:3      | Reached XP level 4. HP: 32/41 MP: 4/4
  1840 | D:3      | Reached skill level 1 in Armour
  1904 | D:3      | Found a blossoming altar of Fedhas.
  1959 | D:3      | Noticed Grinder
  2756 | D:3      | Killed from afar by Grinder

Skill      XL: |  1  2  3  4 |
---------------+-------------+-----
Fighting       | 4 |  4.4
Dodging        | 3 |  3.0
Armour         | 1 |  1.3
Polearms       | 4 |  4.0
Stealth        | |  1.5

Action                   |  1- 3 |  4- 6 || total
-------------------------+-------+-------++-------
Melee: Spear             |   104 |    98 ||   202
       Short sword       |    52 |     3 ||    55
  Use: Scroll            |     4 |       ||     4
       Potion            |       |     2 ||     2
 Stab: Sleeping          |     1 |       ||     1
  Eat: Chunk             |     3 |     2 ||     5
Armor: Ring mail         |    32 |    41 ||    73
       Robe              |     1 |       ||     1
Dodge: Dodged            |    86 |    72 ||   158
